Map: Rhoskallian EE

Players

Manuel

  • Race: Protoss Protoss
  • Spawn Location: 11:00

alexando

  • Race: Terran Terran
  • Spawn Location: 12:00

MrFercho - Winner!

  • Race: Zerg Zerg
  • League: Silver
  • Spawn Location: 6:00

TATORREA - Winner!

  • Race: Protoss Protoss
  • League: Silver
  • Spawn Location: 5:00

VOD

Have the link to the VOD?

Description

Time

  • Played on: June 15, 2020, 9 p.m.
  • Length: 14:29
Show
View Real Time Build Order
Export as new Build Order

Manuel Protoss 

Build Orders:  

Get SALT Encoding   

  12  0:00  Probe  
  13  0:17  Pylon  
  13  0:38  Forge  
  13  0:48  Gateway  
  13  1:00  Gateway  
  13  1:16  Pylon  
  13  1:22  Pylon  
  13  1:38  Photon Cannon  
  12  1:47  Probe  
  13  1:55  Probe  
  14  2:01  Gateway  
  14  2:11  Gateway  
  14  2:34  Cybernetics Core  
  14  2:38  Pylon  
  14  3:13  Nexus  
  14  3:46  Pylon  
  14  3:52  Pylon  
  14  5:07  Photon Cannon  
  14  5:12  Photon Cannon  
  14  5:17  Photon Cannon  
  14  5:23  Photon Cannon  
  14  5:32  Gateway  
  14  5:43  Gateway  
  14  5:49  Photon Cannon  
  14  6:01  Photon Cannon  
  14  6:20  Assimilator  
  14  6:29  Assimilator  
  14  6:33  Probe  
  15  6:41  Probe  
  16  6:50  Probe  
  17  7:01  Probe  
  17  7:02  Probe  
  19  7:09  Probe  
  19  7:14  Probe  
  21  7:19  Probe  
  22  7:31  Probe  
  23  7:43  Probe  
  24  7:50  Pylon  
  24  7:57  Pylon  
  24  8:02  Pylon  
  24  8:08  Warp Gate  
  24  8:19  Stargate  
  24  8:25  Photon Cannon  
  24  8:33  Photon Cannon  
  24  8:46  Pylon  
  24  9:09  Robotics Facility  
  24  9:27  Stalker  
  24  11:00  Stalker  
  24  11:03  Stalker  
  28  11:04  Stalker  
  28  11:06  Stalker  
  28  11:08  Stalker  
  28  11:09  Stalker  
  36  11:12  Warp Prism  
  38  11:33  Pylon  
  38  11:41  Pylon  
  38  11:44  Nexus  
  23  12:52  Stalker  
  23  12:54  Stalker  
  23  12:56  Stalker  
  29  12:58  Stalker  
  23  13:35  Stalker  
  23  13:37  Stalker  
  23  13:38  Stalker  
  23  13:41  Stalker  
  9  14:11  Stalker  
Show
View Real Time Build Order
Export as new Build Order

alexando Terran 

Build Orders: Command Center First (CC) 

Get SALT Encoding   

  12  0:07  SCV  
  13  0:27  SCV  
  14  0:39  SCV  
  15  0:54  Command Center  
  15  1:07  Supply Depot  
  15  1:28  SCV  
  16  1:34  Supply Depot  
  16  1:51  Command Center  
  16  1:58  SCV  
  17  2:06  Supply Depot  
  17  2:10  SCV  
  18  2:17  SCV  
  20  2:30  SCV  
  20  2:32  Supply Depot  
  20  2:36  SCV  
  21  2:42  SCV  
  22  2:48  SCV  
  23  2:54  SCV  
  24  3:06  SCV, Refinery  
  25  3:12  Refinery  
  25  3:18  Refinery  
  25  3:22  Refinery  
  25  3:24  SCV  
  26  3:36  SCV, Supply Depot  
  26  3:39  SCV  
  28  3:47  SCV  
  28  3:48  SCV  
  30  3:51  SCV  
  31  3:59  SCV  
  31  4:00  SCV  
  33  4:04  SCV  
  33  4:08  Barracks  
  34  4:10  Barracks  
  34  4:11  SCV  
  34  4:12  SCV  
  34  4:16  SCV  
  37  4:18  Refinery  
  37  4:23  SCV  
  38  4:28  SCV  
  39  4:34  Engineering Bay  
  39  4:36  SCV  
  40  4:53  Refinery  
  40  4:58  Marine  
  41  5:12  Planetary Fortress  
  41  5:16  Marine  
  42  5:31  Marine  
  42  5:34  Marine  
  44  5:49  Marine  
  45  5:52  Factory, Marine  
  46  6:07  Marine  
  46  6:08  Hi-Sec Auto Tracking  
  46  6:10  Marine  
  48  6:14  Ghost Academy  
  48  6:25  Marine  
  49  6:28  Marine  
  50  6:41  Orbital Command  
  50  6:42  Armory, Marine  
  50  6:45  Marine  
  52  6:53  Factory Tech Lab  
  52  7:00  Marine  
  53  7:03  Marine  
  53  7:05  Starport, Neosteel Armor  
  54  7:18  Marine  
  54  7:21  Supply Depot, Marine  
  56  7:27  Planetary Fortress  
  56  7:36  Marine, Personal Cloaking  
  57  7:39  Marine  
  57  7:42  Terran Ship Weapons Level 1  
  58  7:47  Starport Reactor  
  58  7:50  Infernal Pre-Igniter  
  58  7:54  Thor  
  58  7:57  Marine  
  65  8:08  Supply Depot  
  65  8:14  Marine  
  65  8:15  Missile Turret  
  65  8:19  Missile Turret  
  66  8:28  Barracks Reactor  
  66  8:32  Marine  
  67  8:37  Siege Tank  
  70  8:45  Terran Infantry Weapons Level 1  
  70  8:46  Liberator  
  70  8:47  Liberator  
  76  8:50  Marine  
  76  8:55  Missile Turret  
  77  9:00  Missile Turret  
  77  9:02  Enhanced Shockwaves  
  77  9:08  Marine  
  77  9:09  Mag-Field Accelerator  
  72  9:23  Missile Turret  
  63  9:26  Marine  
  63  9:29  Liberator  
  58  9:36  Terran Vehicle Weapons Level 1  
  49  9:56  Marine  
  49  9:57  Marine x2  
  52  10:02  Siege Tank  
  55  10:14  Marine x2  
  55  10:15  Marine  
  55  10:18  Viking x2  
  62  10:32  Marine x3  
  62  10:35  Siege Tank  
  68  10:39  Missile Turret, Terran Infantry Armor Level 1  
  68  10:48  Viking x2, Drilling Claws  
  72  10:50  Marine x3  
  75  11:07  Siege Tank  
  75  11:08  Marine  
  79  11:17  Fusion Core  
  79  11:18  Viking x2  
  83  11:30  Terran Vehicle And Ship Armor Level 1  
  83  11:38  Supply Depot  
  83  11:39  Siege Tank  
  86  11:54  Nuke  
  86  12:11  Siege Tank  
  32  13:07  Barracks Reactor  
Show
View Real Time Build Order
Export as new Build Order

MrFercho Zerg - Winner!

Build Orders: Hatch First 

Get SALT Encoding   

  12  0:01  Drone  
  13  0:17  Overlord  
  13  0:19  Drone  
  14  0:36  Drone  
  14  0:37  Drone  
  16  0:56  Drone  
  17  0:57  Hatchery  
  17  0:59  Drone  
  17  1:24  Spawning Pool  
  16  1:26  Drone x2  
  16  1:27  Drone  
  16  1:30  Extractor  
  18  1:49  Drone  
  18  1:51  Drone  
  20  2:00  Drone  
  21  2:09  Drone  
  21  2:10  Drone  
  21  2:11  Queen  
  21  2:12  Queen  
  27  2:26  Overlord x2  
  27  2:36  Drone  
  28  2:47  Roach Warren  
  28  2:48  Drone x3  
  30  2:54  Lair  
  30  2:57  Queen  
  32  3:07  Zergling x4  
  32  3:09  Drone x2  
  36  3:13  Drone  
  36  3:14  Drone  
  38  3:27  Drone x4  
  38  3:28  Drone x2  
  38  3:31  Overlord  
  44  3:52  Drone x5  
  49  4:03  Drone  
  50  4:10  Extractor  
  50  4:11  Extractor  
  48  4:33  Evolution Chamber  
  48  4:37  Extractor  
  46  4:38  Drone x2  
  46  4:39  Hydralisk Den, Drone x3  
  46  4:40  Drone  
  51  5:15  Drone  
  51  5:16  Overlord  
  51  5:17  Overlord x5  
  52  5:34  Overlord  
  52  5:35  Overlord x2  
  52  5:37  Drone x2  
  54  5:51  Grooved Spines  
  54  5:55  Glial Reconstitution  
  54  5:56  Hatchery  
  53  5:59  Zerg Missile Weapons Level 1  
  53  6:04  Evolution Chamber  
  53  6:06  Overseer x3  
  53  6:10  Hatchery x2  
  50  6:14  Drone  
  50  6:15  Drone x5  
  56  6:25  Drone x3  
  59  6:32  Hatchery  
  59  6:33  Drone  
  59  6:37  Hatchery  
  59  6:39  Drone x3  
  61  6:43  Drone x2  
  61  6:46  Drone x3  
  66  7:00  Hatchery, Drone x3  
  68  7:02  Muscular Augments  
  68  7:11  Overseer  
  68  7:16  Drone x9  
  77  7:43  Drone x12  
  89  7:53  Extractor  
  89  7:54  Overlord x8  
  89  7:57  Hydralisk x3, Extractor  
  93  8:11  Zerg Missile Weapons Level 2  
  93  8:12  Infestation Pit, Zerg Ground Armor Level 1  
  92  8:24  Lurker Den  
  90  8:36  Hydralisk x7  
  90  8:37  Hydralisk x12  
  128  9:05  Extractor  
  128  9:06  Extractor  
  126  9:11  Drone x5  
  126  9:12  Drone x3  
  126  9:13  Drone  
  135  9:17  Hydralisk x6  
  135  9:18  Hydralisk x5  
  157  10:01  Spire  
  155  10:14  Hatchery, Hive  
  154  10:29  Hydralisk x5  
  154  10:30  Hydralisk x17  
  198  11:28  Hydralisk, Extractor x2  
  198  11:29  Hydralisk  
  200  12:20  Mutalisk  
  200  12:22  Mutalisk  
  200  12:26  Mutalisk x5  
  196  12:53  Nydus Network  
  191  13:40  Nydus Canal  
Show
View Real Time Build Order
Export as new Build Order

TATORREA Protoss - Winner!

Build Orders:  

Get SALT Encoding   

  12  0:04  Probe  
  13  0:16  Probe  
  14  0:27  Pylon  
  14  0:28  Probe  
  15  0:45  Probe  
  16  0:57  Probe  
  16  0:58  Gateway  
  16  1:01  Gateway  
  17  1:09  Probe  
  18  1:21  Probe  
  19  1:33  Probe  
  20  1:41  Probe  
  20  1:46  Assimilator  
  21  1:49  Probe, Pylon  
  22  1:59  Probe  
  23  2:07  Zealot x2  
  27  2:13  Probe  
  27  2:15  Assimilator  
  27  2:17  Pylon  
  27  2:21  Probe  
  29  2:30  Probe  
  29  2:35  Zealot x2  
  34  2:42  Probe  
  35  2:54  Probe  
  36  3:03  Nexus  
  36  3:07  Probe, Pylon  
  37  3:19  Probe  
  38  3:28  Cybernetics Core  
  38  3:31  Assimilator  
  38  3:32  Probe  
  38  3:41  Probe  
  39  3:42  Pylon  
  40  3:49  Probe  
  41  4:01  Probe  
  42  4:04  Warp Gate  
  42  4:09  Stalker x2  
  46  4:13  Probe  
  46  4:16  Probe  
  48  4:25  Probe  
  48  4:27  Assimilator  
  48  4:28  Probe  
  50  4:37  Probe  
  51  4:40  Probe, Gateway  
  52  4:49  Probe  
  53  4:52  Probe  
  54  5:01  Probe  
  54  5:05  Probe  
  56  5:07  Nexus  
  56  5:13  Probe  
  57  5:17  Probe  
  57  5:18  Gateway, Robotics Facility  
  58  5:21  Pylon  
  58  5:25  Probe  
  59  5:29  Probe  
  60  5:38  Probe  
  60  5:41  Probe  
  62  5:52  Gateway  
  62  5:54  Gateway  
  62  5:56  Gateway  
  62  5:57  Probe  
  62  5:58  Probe, Gateway  
  64  6:08  Immortal  
  64  6:09  Probe  
  64  6:10  Probe  
  64  6:11  Pylon  
  70  6:14  Pylon  
  70  6:21  Probe  
  70  6:22  Probe  
  70  6:24  Probe, Stargate  
  73  6:27  Stargate  
  73  6:33  Probe  
  73  6:34  Probe, Assimilator  
  73  6:36  Probe  
  73  6:38  Assimilator  
  76  6:45  Probe  
  76  6:46  Probe  
  78  6:48  Probe  
  78  6:49  Nexus  
  78  6:51  Pylon  
  79  6:58  Probe x2  
  79  7:00  Probe, Immortal  
  86  7:10  Probe x2  
  86  7:12  Probe  
  89  7:21  Stalker  
  89  7:22  Probe x2, Stalker x3  
  97  7:23  Stalker  
  97  7:24  Probe, Stalker  
  97  7:27  Stalker  
  106  7:30  Stalker  
  106  7:34  Probe x2  
  106  7:36  Probe  
  111  7:46  Probe x2, Pylon  
  111  7:49  Probe  
  111  7:51  Pylon  
  114  7:58  Probe x2, Pylon  
  115  8:01  Probe, Pylon  
  117  8:17  Immortal  
  117  8:19  Stalker  
  123  8:20  Stalker x4  
  123  8:22  Stalker  
  123  8:23  Nexus  
  123  8:24  Stalker  
  135  8:27  Stalker  
  137  8:41  Assimilator  
  137  8:45  Assimilator  
  137  9:04  Stalker  
  137  9:05  Stalker x5  
  137  9:06  Stalker x2  
  137  9:08  Void Ray  
  137  9:09  Void Ray  
  161  9:13  Immortal  
  131  9:35  Gateway  
  131  9:38  Gateway  
  127  9:41  Gateway  
  127  9:42  Gateway  
  127  9:44  Gateway  
  123  9:46  Gateway  
  123  9:51  Gateway  
  113  9:55  Gateway  
  113  10:03  Gateway  
  113  10:04  Forge  
  113  10:05  Gateway, Forge  
  113  10:06  Forge  
  113  10:07  Gateway  
  113  10:20  Protoss Shields Level 1, Stalker x3, Protoss Ground Armor Level 1, Protoss Ground Weapons Level 1  
  113  10:21  Stalker x4  
  123  10:22  Stalker  
  123  10:25  Immortal, Protoss Air Weapons Level 1  
  133  10:29  Void Ray  
  133  10:30  Void Ray  
  133  10:34  Stalker  
  143  10:35  Stalker  
  145  11:05  Immortal  
  145  11:06  Pylon  
  149  11:17  Pylon  
  149  11:18  Stalker x3  
  151  11:19  Stalker x2  
  151  11:20  Stalker x3  
  151  11:21  Stalker x3  
  151  11:22  Stalker x3  
  151  11:23  Stalker  
  151  11:24  Stalker x2  
  183  11:25  Stalker  
  183  11:26  Pylon  
  183  11:31  Pylon  
  185  11:34  Pylon  
  185  11:35  Void Ray x2  
  193  11:47  Stalker x3  
  195  11:49  Pylon  
  195  11:53  Pylon  
  199  12:14  Protoss Air Armor Level 1  
  199  12:26  Void Ray  
  199  12:37  Assimilator  
  199  12:41  Assimilator  
  199  12:52  Twilight Council  
  199  12:57  Fleet Beacon  
  199  13:04  Robotics Bay  
  192  13:19  Void Ray  
  192  13:20  Void Ray  
Tags
 
Add a new tag
Caveats
  • Supply blocks, unpowered buildings, or Contaminate may cause inaccurate times.
  • Supply counts are checked every 10 seconds.